 Dungeon Crawl Stone Soup version 0.30.1-9-gdf580d7c3d (webtiles) character file.

Game seed: 17117151614203087850

1617 pop123321pop the Spear-Bearer (level 8, -2/63 HPs)
             Began as a Demigod Fighter on Sept 30, 2023.
             Killed by divine providence
             ... invoked by an orc priest
              (13 damage)
             ... on level 7 of the Dungeon.
             The game lasted 00:08:35 (6514 turns).

pop123321pop the Spear-Bearer (Demigod Fighter)     Turns: 6514, Time: 00:08:36

Health: -2/63      AC: 12    Str: 17    XL:     8   Next: 37%
Magic:  10/10      EV:  5    Int: 10    God:
Gold:   402        SH:  0    Dex: 21    Spells: 7/7 levels left

rFire   . . .        q - +2 scythe (flame)
rCold   . . .        (shield currently unavailable)
rNeg    . . .        B - +0 plate armour
rPois   .            D - +0 helmet
rElec   .            (no cloak)
rCorr   .            (no gloves)
SInv    .            (no boots)
Will    .....        (no amulet) Stlth
                     (no ring)
HPRegen 0.30/turn    (no ring)
MPRegen 0.12/turn

%: no passive effects
@: no status effects
A: high MP 1, forlorn, divine attributes
a: no special abilities


You were on level 7 of the Dungeon.
You visited 1 branch of the dungeon, and saw 8 of its levels.

You collected 402 gold pieces.

Inventory:

Hand Weapons
 q - a +2 scythe of flaming (weapon)
Armour
 B - a +0 plate armour (worn)
 D - a +0 helmet (worn)
Jewellery
 m - the ring of Suspected Treachery {Drain rPois rF+ rN++ Dex+2}
   (You found it on level 2 of the Dungeon)

   [ring of protection from fire]

   Dex:       It affects your dexterity (+2).
   rF:        It protects you from fire.
   rPois:     It protects you from poison.
   rN:        It greatly protects you from negative energy.
   Drain:     It drains your maximum health when unequipped.
 x - a +6 ring of intelligence
 y - a ring of protection from cold
 C - a +6 ring of strength
 G - the amulet "Movviull" {Reflect +Inv rF+ Str+2 SH+5}
   (You found it on level 6 of the Dungeon)

   [amulet of reflection]

   It reflects blocked missile attacks.
   Str:       It affects your strength (+2).
   rF:        It protects you from fire.
   +Inv:      It lets you turn invisible.
   SH:        It affects your SH (+5).
 I - a ring of resist corrosion
 J - a +4 ring of protection
Wands
 c - a wand of roots (4)
 s - a wand of charming (15)
 v - a wand of flame (58)
Scrolls
 e - 2 scrolls of identify
 f - a scroll of fear
 h - a scroll of poison
 j - 3 scrolls of magic mapping {unknown}
 k - 2 scrolls of noise {unknown}
 l - a scroll of immolation {unknown}
 n - a scroll of enchant weapon {unknown}
 o - 3 scrolls of teleportation {unknown}
 r - 5 scrolls of fog {unknown}
 u - a scroll of acquirement {unknown}
 z - a scroll of torment {unknown}
 A - 2 scrolls of amnesia {unknown}
 E - 2 scrolls of enchant armour {unknown}
Potions
 a - 2 potions of lignification {unknown}
 d - 3 potions of curing {unknown}
 i - 3 potions of mutation {unknown}
 p - a potion of heal wounds {unknown}
 t - 2 potions of attraction {unknown}
 w - a potion of ambrosia
 F - a potion of might
 H - a potion of degeneration {unknown}
 K - a potion of brilliance {unknown}


   Skills:
 * Level 3.4 Fighting
 - Level 10.0 Polearms
 - Level 2.6 Armour
 - Level 2.6 Shields


You had 7 spell levels left.
You didn't know any spells.
Your spell library contained the following spells:

 Spells                   Type           Power      Damage    Failure   Level
 Apportation              Tloc           0%         N/A       100%        1
 Necrotise                Necr           0%         1d4       100%        1
 Sting                    Tmut/Pois      0%         1d3       100%        1
 Summon Small Mammal      Summ           0%         N/A       100%        1
 Poisonous Vapours        Pois/Air       0%         N/A       100%        2
 Gell's Gravitas          Tloc           0%         N/A       100%        3
 Teleport Other           Tloc           0%         N/A       100%        3
 Animate Dead             Necr           0%         N/A       100%        4
 Olgreb's Toxic Radiance  Pois           0%         N/A       100%        4
 Dispersal                Tloc           0%         N/A       100%        6
 Haunt                    Necr/Summ      0%         N/A       100%        7
 Infestation              Necr           0%         N/A       100%        8


Dungeon Overview and Level Annotations

Branches:
Dungeon (8/15)             Temple (0/1) D:6
   Lair: D:8-11

Shops:
D:4 *


Innate Abilities, Weirdness & Mutations

You have an increased reservoir of magic. (+10% MP)
You shall have no god before yourself.
Your divine heritage dramatically boosts your attributes as you level up.


Message History

Beogh smites you!
* * * LOW HITPOINT WARNING * * *
The orc priest miscasts a cantrip.
You feel yourself speed up.
The orc priest invokes the aid of Beogh against you.
Beogh smites you!
* * * LOW HITPOINT WARNING * * *
The orc hits you but does no damage.
The orc priest miscasts a cantrip.
A puff of flame appears from out of thin air!
The puff of flame hits you.
* * * LOW HITPOINT WARNING * * *
Found a potion of magic.
Okay, then.
Blink to where?
Press: ? - help, Dir - move target
As you read the scroll of blinking, it crumbles to dust.
Found a large gilded ring.
Found a stone staircase leading down.
There is a stone staircase leading down here.
You climb downwards.
You hear the roar of battle.
There is an entrance to a bailey on this level.
Hurry and find it before the portal closes forever!
Reactivating autopickup.
Found 10 gold pieces, a robe and a wand of charming (4).
There is a stone staircase leading up here.
You start resting.
A hornet comes into view.
You climb upwards.
There is a stone staircase leading down here.
You start resting.
Your extra speed is starting to run out.
You start resting.
An orc priest is nearby!
The orc priest looks encouraged for a moment.
You feel yourself slow down.
An orc wizard appears from thin air!
The orc priest invokes the aid of Beogh against you.
Beogh smites you!
You die...

#...............#
###......!........####
####....o.o..............
#....##.oo##.............
#...>..............).####
#...###..#.##........# #.
#### #..#.###.....#.. ##
##..#......#####. #
#..@######.# #.## #.#.# #
#... #.#.# ###. ....# ##
.....# # ....... .# #..
...# ... #...# ... ....


You could see an orc priest, an orc wizard and an orc.

Vanquished Creatures
  Sigmund (D:2)
  A water moccasin (D:5)
  An ice beast (D:5)
  A sky beast (D:6)
  4 ogres
  A phantom (D:5)
  A bullfrog (D:7)
  2 scorpions
  2 howler monkeys (D:6)
  2 hounds
  A jelly (D:5)
  An orc priest (D:4)
  A sleepcap (D:5)
  Natasha (twice) (D:2)
  3 iguanas (D:5)
  An orc wizard (D:4)
  11 adders
  A shadow imp (D:6)
  A white imp (D:7)
  2 worms
  A dart slug (D:1)
  10 orcs
  6 ball pythons
  11 endoplasms
  3 giant cockroaches
  6 goblins
  10 hobgoblins
  2 jackals (D:1)
  7 quokkas
  4 bats
  3 frilled lizards
  6 kobolds
  6 rats
115 creatures vanquished.

Notes
Turn   | Place    | Note
-------+----------+-------------------------------------------
     0 | D:1      | pop123321pop the Demigod Fighter began the quest for the
                  | Orb.
     0 | D:1      | Reached XP level 1. HP: 18/18 MP: 3/3
    34 | D:1      | Reached skill level 2 in Polearms
   182 | D:1      | Reached XP level 2. HP: 20/25 MP: 4/4
   327 | D:1      | Reached skill level 3 in Polearms
   909 | D:2      | Reached XP level 3. HP: 30/30 MP: 5/5
   947 | D:2      | Identified the ring of Suspected Treachery {Drain rPois rF+
                  | rN++ Dex+2}
  1195 | D:2      | Reached skill level 4 in Polearms
  1208 | D:2      | Reached XP level 4. HP: 28/37 MP: 6/6
  1275 | D:2      | Noticed Natasha
  1288 | D:2      | Killed Natasha
  1581 | D:2      | Noticed Natasha
  1594 | D:2      | Killed Natasha
  1771 | D:2      | Noticed Sigmund
  1782 | D:2      | Killed Sigmund
  1783 | D:2      | Reached skill level 5 in Polearms
  1783 | D:2      | Reached XP level 5. HP: 7/42 MP: 7/7
  2153 | D:3      | Reached skill level 6 in Polearms
  2398 | D:3      | Reached XP level 6. HP: 50/50 MP: 8/8
  3109 | D:4      | Found Efaawoud's Serpentskin Sales.
  3764 | D:4      | Reached skill level 7 in Polearms
  3778 | D:4      | Reached XP level 7. HP: 22/56 MP: 9/9
  4294 | D:5      | Entered Level 5 of the Dungeon
  4320 | D:5      | Reached skill level 8 in Polearms
  4432 | D:5      | Identified the +0 pair of boots of Indemnity {rC- Dex+7}
  4666 | D:5      | Reached skill level 9 in Polearms
  5136 | D:5      | Identified the +0 spear of the Ten Ziggurats {flame, Str+3
                  | Int+5}
  5392 | D:5      | Reached XP level 8. HP: 62/62 MP: 10/10
  5747 | D:6      | Reached skill level 10 in Polearms
  6007 | D:6      | Found a staircase to the Ecumenical Temple.
  6052 | D:6      | Identified the amulet "Movviull" {Reflect +Inv rF+ Str+2
                  | SH+5}
  6500 | D:8      | Noticed a hornet
  6514 | D:7      | Killed from afar by an orc priest

Illustrated notes

Levels and vault maps discovered:
D:1:      saegor_arrival_fortress, layout_rooms,
          shapermc_ecumenical_altar_mp_urbaneastern
D:2:      layout_basic, basic_altar, nicolae_half_adder, uniq_natasha,
          uniq_sigmund
D:3:      layout_loops_ring, grunt_temple_overflow_opulence,
          minmay_misc_feat_iff, minivault_26, minivault_27
D:4:      minmay_wonky_spiral, layout_basic, kennysheep_mini,
          guppyfry_shop_venom
D:5:      layout_loops_corners, overflow_temple_1_default,
          mainiacjoe_overflow_alcove_4, amcnicky_altar_gilded
D:6:      layout_basic, lemuel_round_altar, kiku_gazebo_garden_becter,
          minmay_temple_entry_antechambers, serial_glass, glass_columns_c,
          glass_columns_a
D:7:      layout_rooms, grunt_temple_overflow_order_and_chaos_1,
          gammafunk_ghost_wrathful_warriors
D:8:      layout_rooms, nicolae_dithmenos_shadow_blocks, enter_bailey_2

Skill      XL: |  1  2  3  4  5  6  7  8 |
---------------+-------------------------+-----
Polearms       | 2 3 4 5 6 7 9 10 | 10.0
Fighting       | 3 |  3.4
Armour         | |  2.6
Shields        | |  2.6

Action                     |  1- 3 |  4- 6 |  7- 9 || total
---------------------------+-------+-------+-------++-------
  Melee: Trident           |   135 |    42 |       ||   177
         Halberd           |       |    82 |   104 ||   186
    Use: Potion            |     3 |     1 |     2 ||     6
         Scroll            |       |     3 |     1 ||     4
 Armour: Scale mail        |    53 |    43 |       ||    96
         Plate armour      |       |     1 |    49 ||    50
  Dodge: Dodged            |    56 |    35 |    14 ||   105
  Block: Buckler           |    30 |     9 |       ||    39
